 Dungeon Crawl Stone Soup version 0.28-a0-239-g68911e0c57 (webtiles) character file.

Game seed: 13965902856901184864

277 lmSkywalker the Poker (level 6, 0/44 HPs)
             Began as a Merfolk Gladiator on Aug 23, 2021.
             Slain by a killer bee (2 damage)
             ... on level 4 of the Dungeon.
             The game lasted 00:09:42 (4953 turns).

lmSkywalker the Poker (Merfolk Gladiator)           Turns: 4953, Time: 00:09:42

Health: 0/44       AC:  6    Str: 15    XL:     6   Next: 25%
Magic:  6/6        EV: 13    Int:  9    God:
Gold:   73         SH:  0    Dex: 15    Spells: 5/5 levels left

rFire   . . .      SeeInvis .   a - +0 trident
rCold   . . .      Faith    .   (no shield)
rNeg    . . .      Spirit   .   b - +0 leather armour
rPois   .          Reflect  .   j - +2 helmet
rElec   .          Harm     .   (no cloak)
rCorr   .          Rampage  .   (no gloves)
Will    .....                   (no boots)
Stlth   +.........              (no amulet)
HPRegen 0.14/turn               (no ring)
MPRegen 0.10/turn               (no ring)

@: lethally poisoned (0 -> -6)
A: (nimble swimmer 2), mertail
a: no special abilities


You were on level 4 of the Dungeon.
You visited 1 branch of the dungeon, and saw 4 of its levels.

You collected 99 gold pieces.
You spent 26 gold pieces at shops.

Inventory:

Hand Weapons
 a - a +0 trident (weapon)
Missiles
 d - a throwing net
 l - 2 silver javelins
Armour
 b - a +0 leather armour (worn)
 c - a +0 helmet
 h - a +0 kite shield
 j - a +2 helmet (worn)
 p - a scarf of harm
Wands
 n - a wand of flame (4) (quivered)
 o - a wand of acid (5)
Scrolls
 e - a scroll of immolation {unknown}
 f - 2 scrolls of teleportation
 i - a scroll of blinking {unknown}
 k - a scroll of identify
 m - a scroll of amnesia {unknown}
 q - a scroll of fear {unknown}
Potions
 g - a potion of might


   Skills:
 - Level 2.1 Fighting
 + Level 7.9 Polearms
 - Level 2.0 Throwing
 + Level 4.2 Dodging
 + Level 3.6 Shields


You had 5 spell levels left.
You didn't know any spells.
Your spell library was empty.

Dungeon Overview and Level Annotations

Branches:
Dungeon (4/15)
 Temple: D:4-7

Altars:

Shops:
D:3 ?

Annotations:
D:2 Sigmund


Innate Abilities, Weirdness & Mutations

((You are quick and stealthy near water. (Stealth+, EV+, Speed+++)))
Your lower body shifts to a powerful aquatic tail in water.


Message History

The killer bee stings you.
You barely miss the killer bee.
The killer bee is severely wounded.
The killer bee stings you but does no damage.
You hit the killer bee but do no damage.
The killer bee is severely wounded.
The killer bee closely misses you. The killer bee completely misses you.
You hit the killer bee but do no damage.
The killer bee is severely wounded.
The killer bee stings you. The killer bee barely misses you.
You barely miss the killer bee.
The killer bee is severely wounded.
The killer bee misses you. The killer bee barely misses you.
You puncture the killer bee!
You kill the killer bee!
The killer bee misses you.
You closely miss the killer bee. The killer bee closely misses you.
The killer bee misses you.
A killer bee comes into view.
You miss the killer bee.
The killer bee stings you but does no damage.
The killer bee stings you. The killer bee stings you.
The killer bee barely misses you. The killer bee barely misses you.
The killer bee misses you. The killer bee closely misses you. x2
The killer bee stings you. x2
* * * LOW HITPOINT WARNING * * *
The killer bee stings you.
* * * LOW HITPOINT WARNING * * *
You are lethally poisoned!
The killer bee poisons you!
* * * LOW HITPOINT WARNING * * *
You feel very sick. The killer bee closely misses you.
The killer bee stings you.
* * * LOW HITPOINT WARNING * * *
* * * LOW HITPOINT WARNING * * *
You feel sick. The killer bee stings you.
You die...

#.# #.# #.# #.# #.# #†# #.
###########.# ..
#...........# #.
#@########### #. #######y#
#. #......y# ### ''###.
#.......####.#
......####............#
......†.)...........#.#
###################.#.####
#......#.#....#
#.###....##.###


You could see 2 killer bees.

Vanquished Creatures
  A killer bee (D:4)
  Ijyb (D:3)
  Natasha (thrice) (D:3)
  A hound skeleton (D:3)
  Robin (D:1)
  A gnoll (D:4)
  3 adders
  An ufetubus (D:4)
  2 worms
  3 orcs (D:3)
  An endoplasm (D:2)
  5 giant cockroaches
  10 goblins
  8 hobgoblins
  3 jackals (D:2)
  4 quokkas
  3 ball pythons (D:3)
  A bat (D:2)
  A frilled lizard (D:1)
  6 kobolds
  6 rats
65 creatures vanquished.

Vanquished Creatures (others)
  3 plants (D:4)
3 creatures vanquished.

Grand Total: 68 creatures vanquished

Notes
Turn   | Place    | Note
-------+----------+-------------------------------------------
     0 | D:1      | lmSkywalker the Merfolk Gladiator began the quest for the
                  | Orb.
     0 | D:1      | Reached XP level 1. HP: 16/16 MP: 1/1
    33 | D:1      | Found a faded altar of an unknown god.
   145 | D:1      | Reached skill level 5 in Polearms
   153 | D:1      | Reached XP level 2. HP: 16/22 MP: 2/2
   772 | D:2      | Noticed Robin
   779 | D:2      | Noticed Sigmund
   915 | D:2      | Reached XP level 3. HP: 23/27 MP: 3/3
  1226 | D:2      | Reached skill level 1 in Shields
  1267 | D:2      | Reached skill level 6 in Polearms
  1388 | D:1      | Killed Robin
  1636 | D:2      | Reached XP level 4. HP: 31/33 MP: 4/4
  2437 | D:3      | Found Ulyur's Magic Scroll Shoppe.
  2447 | D:3      | Bought a scroll of identify for 26 gold pieces
  2842 | D:3      | Noticed Natasha
  2856 | D:3      | Killed Natasha
  2857 | D:3      | Reached XP level 5. HP: 28/38 MP: 5/5
  2972 | D:3      | Noticed Ijyb
  2982 | D:3      | Killed Ijyb
  2983 | D:3      | Reached skill level 7 in Polearms
  3892 | D:3      | Noticed Natasha
  3901 | D:3      | Killed Natasha
  3912 | D:3      | Noticed Natasha
  3927 | D:3      | Killed Natasha
  4215 | D:3      | Found Ulyur's Magic Scroll Shoppe.
  4919 | D:4      | Reached XP level 6. HP: 41/44 MP: 6/6
  4953 | D:4      | HP: 2/44 [poisoned by a killer bee]
  4953 | D:4      | Slain by a killer bee

Illustrated notes

Levels and vault maps discovered:
D:1:      tarquinn_simple_flora_water_c, layout_loops_ring,
          shapermc_ecumenical_altar_gd
D:2:      layout_rooms, uniq_sigmund, uniq_robin
D:3:      layout_basic, serial_shops, nicolae_shop_competitors_out_of_business,
          uniq_ijyb, uniq_natasha
D:4:      cheibrodos_old_hovel, layout_basic

Skill      XL: |  1  2  3  4  5 |
---------------+----------------+-----
Polearms       | 5 6 7 |  7.9
Shields        | 1 2 3 |  3.6
Fighting       | |  2.1
Throwing       | |  2.0
Dodging        | |  4.2

Action                   |  1- 3 |  4- 6 || total
-------------------------+-------+-------++-------
Melee: Trident           |   118 |   166 ||   284
Throw: Throwing net      |     1 |     1 ||     2
Evoke: Wand              |       |     2 ||     2
  Use: Scroll            |       |     1 ||     1
 Stab: Sleeping          |     1 |     1 ||     2
       Held in net/web   |     1 |     2 ||     3
Armor: Leather armour    |    27 |    25 ||    52
Dodge: Dodged            |    70 |    91 ||   161

Table legend: (Time is in decaauts)
 A = Elapsed time spent in this place.
 B = Non-inter-level travel time spent in this place.
 C = Inter-level travel time spent in this place.
 D = Time resting spent in this place.
 E = Time spent auto-exploring this place.
 F = Levels seen in this place.
 G = Mean time per level.
                   A        B        C        D        E       F      G
               +--------+--------+--------+--------+--------+-----+--------+
         Total |   4970 |   4699 |    271 |   1512 |   2109 |   4 | 1242.5 |
       Dungeon |   4970 |   4699 |    271 |   1512 |   2109 |   4 | 1242.5 |
               +--------+--------+--------+--------+--------+-----+--------+

Top non-repeatable levels by time:
     D:3: 2573 daAuts
     D:1: 1643 daAuts
     D:2: 552 daAuts
     D:4: 200 daAuts
